 Dungeon Crawl Stone Soup version 0.31-a0-230-g09eb5fc4d3 (webtiles) character file.

Game seed: 16576302133596260802

83 qw the Shooter (level 4, -5/26 HPs)
             Began as a Gargoyle Hexslinger on July 6, 2023.
             Slain by an orc
             ... wielding a +0 flail
              (7 damage)
             ... on level 3 of the Dungeon.
             The game lasted 00:00:38 (1367 turns).

qw the Shooter (Gargoyle Hexslinger)                Turns: 1367, Time: 00:00:39

Health: -5/26      AC:  5    Str: 12    XL:     4   Next: 44%
Magic:  5/5        EV:  9    Int: 13    God:
Gold:   114        SH:  0    Dex: 14    Spells: 4/5 levels left

rFire   + . .        Y - +0 shortbow
rCold   . . .        (shield currently unavailable)
rNeg    + . .        a - +0 robe of Skepticism {rF+}
rPois   inf          (no helmet)
rElec   +            (no cloak)
rCorr   .            (no gloves)
SInv    .            (no boots)
Will    .....        (no amulet)
Stlth   +            (no ring)
HPRegen 0.24/turn    (no ring)
MPRegen 0.09/turn

%: no passive effects
@: constricted
A: sickness immunity, AC +3, negative energy resistance 1, electricity
resistance, torment resistance 1, petrification resistance
a: no special abilities


You were on level 3 of the Dungeon.
You visited 1 branch of the dungeon, and saw 3 of its levels.

You collected 114 gold pieces.


Innate Abilities, Weirdness & Mutations

You are immune to sickness and miasma.
Your stone body is resilient. (AC +3)
You are immune to poison.
You resist negative energy. (rN+)
You are resistant to electric shocks. (rElec)
You are resistant to unholy torment.
You are immune to petrification.


   Skills:
 - Level 2.0 Fighting
 + Level 4.0 Ranged Weapons
 - Level 1.0 Armour
 - Level 1.5 Dodging
 - Level 1.0 Spellcasting
 - Level 2.6 Hexes


You had 4 spell levels left.
You knew the following spells:

 Your Spells              Type           Power      Damage    Failure   Level
a - Slow                  Hex            28%        N/A       10%         1

Your spell library contained the following spells:

 Spells                   Type           Power      Damage    Failure   Level
 Inner Flame              Hex/Fire       4%         N/A       43%         3
 Portal Projectile        Hex/Tloc       8%         N/A       43%         3
 Cause Fear               Hex            3%         N/A       67%         4

Inventory:

Hand Weapons
 Y - a +0 shortbow (weapon)
Armour
 a - the +0 robe of Skepticism (worn) {rF+}
   (You found it on level 2 of the Dungeon)

   rF:        It protects you from fire.
 g - a +0 ring mail
Scrolls
 b - 2 scrolls of identify
Potions
 c - a potion of might {unknown}
 d - a potion of attraction {unknown}
 f - a potion of heal wounds {unknown}
 h - a potion of invisibility {unknown}

Dungeon Overview and Level Annotations

Branches:
Dungeon (3/15)

Altars:


Message History

The orc closely misses you.
You shoot an arrow. The arrow closely misses the orc.
A ball python comes into view.
The orc hits you with a +0 flail.
You shoot an arrow. The arrow barely misses the orc.
You hear some strange, mumbled words.
You are confused.
1361 ||| DRINKING potion of curing.
You feel better.
1361 ||| (to cure confusion)
A ball python comes into view.
You hear some strange, mumbled words.
A puff of flame appears from out of thin air!
The puff of flame hits you. You resist. The orc hits you with a +0 flail.
You shoot an arrow.
The arrow hits the orc but does no damage.
Something hits you but does no damage. The orc misses you.
You shoot an arrow. The arrow closely misses the orc.
The orc hits you with a +0 flail. The ball python closely misses you. x2
You shoot an arrow. The arrow barely misses the orc.
Something hits you but does no damage. The orc barely misses you.
The ball python misses you. The ball python grabs you.
The ball python constricts you.
You shoot an arrow. The arrow hits the ball python.
The ball python is severely wounded.
The ball python completely misses you. The ball python constricts you.
The orc hits you with a +0 dagger. Something hits you but does no damage.
The orc hits you with a +0 flail. The ball python closely misses you.
The ball python constricts you. The orc closely misses you.
The orc hits you but does no damage. Something hits you but does no damage.
You shoot an arrow.
The arrow barely misses the ball python.
The ball python bites you. The ball python constricts you.
Something hits you but does no damage. The orc barely misses you. x2
You shoot an arrow.
The arrow hits the ball python but does no damage.
The ball python is severely wounded.
The ball python bites you. The ball python constricts you.
The orc hits you but does no damage. Something hits you.
The orc hits you with a +0 flail!
You die...

.. . .... .#
... ... ## #..
...# ..
#.#####....#
#.##..S.oSb..#
......o@#
#.##.##.##.#.#
###.
#.........#
...
#.#####.###
#.##.#####.#
#....).....#
##...#######
#...# #...#


You could see 2 orcs, a bat and 2 ball pythons.

Vanquished Creatures
  4 adders (D:2)
  A dart slug (D:1)
  An orc (D:3)
  An endoplasm (D:1)
  5 giant cockroaches
  A goblin (D:3)
  4 hobgoblins
  3 quokkas
  5 ball pythons
  7 bats
  8 kobolds
  4 rats (D:1)
44 creatures vanquished.

Notes
Turn   | Place    | Note
-------+----------+-------------------------------------------
     0 | D:1      | qw the Gargoyle Hexslinger began the quest for the Orb.
     0 | D:1      | Reached XP level 1. HP: 12/12 MP: 2/2
     0 | D:1      | 0 ||| qw: Version: 0.3-a-46-gb1f654a
     0 | D:1      | 0 ||| qw: Game counter: 1796
     0 | D:1      | 0 ||| qw: Melee chars always use a shield: true
     0 | D:1      | 0 ||| qw: God list: Okawaru
     0 | D:1      | 0 ||| qw: Allow faded altars: false
     0 | D:1      | 0 ||| qw: Do Orc after clearing Dungeon:15 true
     0 | D:1      | 0 ||| qw: Do second Lair branch before Depths: true
     0 | D:1      | 0 ||| qw: Lair rune preference: random
     0 | D:1      | 0 ||| qw: Goals: Normal
     0 | D:1      | 0 ||| PLANNING D:1-11
    65 | D:1      | Reached XP level 2. HP: 16/16 MP: 3/3
   133 | D:1      | Reached skill level 3 in Ranged Weapons
   176 | D:1      | Found a faded altar of an unknown god.
   250 | D:1      | Reached XP level 3. HP: 17/21 MP: 4/4
   563 | D:1      | 563 ||| UPGRADING to +0 ring mail.
   573 | D:1      | 573 ||| DROPPING +0 robe.
   574 | D:1      | 574 ||| READING scroll labelled WIMAJI WIKUE.
   575 | D:1      | 575 ||| READING scroll labelled KAUSTAXKUU.
   576 | D:1      | 576 ||| DROPPING scroll of poison.
   593 | D:2      | Identified the +0 robe of Skepticism {rF+}
   846 | D:2      | Reached skill level 4 in Ranged Weapons
   846 | D:2      | Reached XP level 4. HP: 18/26 MP: 5/5
   996 | D:2      | 996 ||| SWAPPING to +0 shortbow.
   997 | D:2      | 997 ||| DROPPING +1 sling.
  1034 | D:2      | Reached skill level 1 in Armour
  1046 | D:2      | Identified the +4 hand axe of Fuzzy Absolution {holy, rF+}
  1254 | D:2      | 1254 ||| UPGRADING to +0 robe of Skepticism {rF+}.
  1264 | D:2      | 1264 ||| DROPPING ring of wizardry.
  1265 | D:2      | 1265 ||| READING scroll labelled ZEARAIQILU.
  1266 | D:2      | 1266 ||| DRINKING 2 coppery potions.
  1361 | D:3      | 1361 ||| DRINKING potion of curing.
  1361 | D:3      | 1361 ||| (to cure confusion)
  1366 | D:3      | HP: 5/26 [ball python (2)]
  1367 | D:3      | HP: 2/26 [something (2)]
  1367 | D:3      | Slain by an orc

Levels and vault maps discovered:
D:1:      lemuel_arrival_river_ford, layout_basic, basic_ecumenical_altar
D:2:      layout_loops_ring
D:3:      layout_loops_cross, serial_shops, shop

Skill      XL: |  1  2  3  4 |
---------------+-------------+-----
Ranged Weapons | 3 4 |  4.0
Fighting       | 2 |  2.0
Armour         | 1 |  1.0
Dodging        | |  1.5
Spellcasting   | |  1.0
Hexes          | |  2.6

Action                     |  1- 3 |  4- 6 || total
---------------------------+-------+-------++-------
   Fire: Sling             |   121 |    11 ||   132
         Shortbow          |       |    33 ||    33
    Use: Scroll            |     2 |     1 ||     3
         Potion            |       |     2 ||     2
 Armour: Robe              |    16 |     9 ||    25
         Ring mail         |    19 |    18 ||    37
  Dodge: Dodged            |    39 |    33 ||    72

Table legend:
 A = Non-vault XP
 B = Vault XP
 C = Vault XP percentage of total XP
 D = Non-vault monster count
 E = Vault monster count
 F = Vault count percentage of total count
                 A         B        C        D         E       F
            +---------+---------+-------+---------+---------+-------
      Total |     119 |       0 |   0.0 |      44 |       0 |   0.0
            +---------+---------+-------+---------+---------+-------
        D:1 |      43 |       0 |   0.0 |      26 |       0 |   0.0
        D:2 |      71 |       0 |   0.0 |      16 |       0 |   0.0
        D:3 |       5 |       0 |   0.0 |       2 |       0 |   0.0
            +---------+---------+-------+---------+---------+-------
